 Dungeon Crawl Stone Soup version 0.28-a0-851-g8b9cc49659 (webtiles) character file.

Game seed: 16487205598295790581

60222 vurker the Stormcaller (level 14, -5/122 HPs)
             Began as a Demigod Air Elementalist on Nov 14, 2021.
             Slain by an ettin (26 damage)
             ... on level 12 of the Dungeon.
             The game lasted 00:33:16 (36465 turns).

vurker the Stormcaller (Demigod Air Elementalist)  Turns: 36465, Time: 00:33:16

Health: -5/122     AC: 10    Str:  6    XL:     14   Next: 20%
Magic:  27/37      EV: 12    Int: 39    God:
Gold:   1071       SH:  0    Dex: 16    Spells: 35/40 levels left

rFire   + . .      SeeInvis .   j - staff of air
rCold   . . .      Faith    .   (no shield)
rNeg    . . .      Spirit   .   a - +0 robe
rPois   +          Reflect  .   n - +2 helmet
rElec   +          Harm     .   (no cloak)
rCorr   .          Rampage  .   E - +2 pair of gloves
Will    +....                   k - +1 pair of boots
Stlth   ++........              (no amulet)
HPRegen 0.30/turn               r - +6 ring of intelligence
MPRegen 0.25/turn               H - ring "Leocirit" {rPois rF+ Str-3 Dex+2}

@: no status effects
A: high mp 1, forlorn
a: no special abilities


You were on level 12 of the Dungeon.
You visited 3 branches of the dungeon, and saw 19 of its levels.
You also visited: Ossuary.

You collected 1071 gold pieces.

Inventory:

Armour
 a - a +0 robe (worn)
 k - a +1 pair of boots (worn)
   (You found it on level 3 of the Dungeon)
 n - a +2 helmet (worn)
   (You found it on level 4 of the Dungeon)
 E - a +2 pair of gloves (worn)
   (You found it on level 2 of the Lair of Beasts)
Magical Staves
 d - a staff of earth
   (You found it on level 3 of the Lair of Beasts)
 j - a staff of air (weapon)
   (You found it on level 3 of the Dungeon)
 A - a staff of cold
   (You found it on level 11 of the Dungeon)
Jewellery
 b - a ring of wizardry
   (You found it on level 6 of the Dungeon)
 r - a +6 ring of intelligence (left hand)
   (You found it on level 5 of the Dungeon)
 B - a ring of protection from cold
   (You found it on level 1 of the Lair of Beasts)
 H - the ring "Leocirit" (right hand) {rPois rF+ Str-3 Dex+2}
   (You acquired it on level 12 of the Dungeon)

   [ring of poison resistance]

   Str:       It affects your strength (-3).
   Dex:       It affects your dexterity (+2).
   rF:        It protects you from fire.
   rPois:     It protects you from poison.
Wands
 p - a wand of mindburst (10)
   (You found it on level 8 of the Dungeon)
 t - a wand of flame (70)
   (You found it on level 6 of the Dungeon)
 u - a wand of paralysis (17)
   (You found it on level 1 of the Lair of Beasts)
 x - a wand of acid (3)
   (You took it off Pikel on level 9 of the Dungeon)
 F - a wand of charming (9)
   (You found it on level 3 of the Lair of Beasts)
Scrolls
 f - 2 scrolls of identify
 g - 7 scrolls of teleportation
 h - 2 scrolls of fear
 o - a scroll of fog
 q - 2 scrolls of enchant armour
 s - a scroll of silence
 y - 2 scrolls of blinking
 z - 3 scrolls of immolation
 C - 2 scrolls of amnesia
 I - a scroll of summoning
Potions
 c - 9 potions of heal wounds
 e - 3 potions of lignification
 i - 3 potions of haste
 l - 9 potions of curing
 m - a potion of ambrosia
 v - 4 potions of flight
 w - a potion of mutation
 D - 4 potions of resistance
 G - a potion of brilliance


   Skills:
 + Level 10.7 Fighting
 - Level 1.7 Dodging
 - Level 1.7 Stealth
 * Level 13.9 Spellcasting
 - Level 3.0 Conjurations
 * Level 15.3 Air Magic


You had 35 spell levels left.
You knew the following spells:

 Your Spells              Type           Power      Damage    Failure   Level
a - Shock                 Conj/Air       100%       1d9       1%          1
c - Airstrike             Air            60%        N/A       1%          4

Your spell library contained the following spells:

 Spells                   Type           Power      Damage    Failure   Level
 Swiftness                Air            100%       N/A       0%          3
 Foxfire                  Conj/Fire      100%       2x1d9     1%          1
 Pain                     Necr           100%       1d9       1%          1
 Static Discharge         Conj/Air       99%        N/A       1%          2
 Conjure Flame            Conj/Fire      38%        6-21      1%          3
 Inner Flame              Hex/Fire       27%        N/A       3%          3
 Flame Wave               Conj/Fire      38%        3d8       7%          4
 Sticky Flame             Conj/Fire      38%        2d6       7%          4
 Dispel Undead            Necr           27%        3d13      13%         4
 Agony                    Necr           27%        N/A       34%         5
 Excruciating Wounds      Necr           13%        N/A       34%         5


Dungeon Overview and Level Annotations

Branches:
Dungeon (12/15)            Temple (0/1) D:6            Lair (6/6) D:9
  Swamp (0/4) Lair:4        Snake (0/4) Lair:4        Slime (0/5) Lair:5
    Orc (1/2) D:12        Ossuary (visited)

Shops:
D:2 *   D:3 ?   D:9 [   D:10 !

Portals:
Hell: Lair:6

Annotations:
D:8 3 runed translucent doors, senseless's ghost, novice TrBe


Innate Abilities, Weirdness & Mutations

Your attributes grow dramatically as you level up.
You have an increased reservoir of magic. (+10% MP)
You shall have no god before yourself.


Message History

You feel a surge of power!
The air twists around and strikes the orc!!
You kill the orc!
The orc closely misses you.
Aim: an orc, wielding a +0 short sword (empty space bonus: 7/8)
You feel a surge of power!
The air twists around and strikes the orc!
You kill the orc!
You can't see any susceptible monsters within range! (Use Z to cast anyway.)
You start resting.
You start resting.
You climb downwards.
Welcome back to the Orcish Mines!
There is a staircase back to the Dungeon here.
You can't see any susceptible monsters within range! (Use Z to cast anyway.)
You can't see any susceptible monsters within range! (Use Z to cast anyway.)
An ettin comes into view.
It is wielding a +0 dire flail and a +0 great mace.
The ettin shouts in stereo!
An ettin is nearby!
Aim: an ettin, wielding a +0 dire flail and a +0 great mace (empty space bonus: 8/8)
You feel a surge of power!
The air twists around and strikes the ettin!!
You can't see any susceptible monsters within range! (Use Z to cast anyway.)
You can't see any susceptible monsters within range! (Use Z to cast anyway.)
There is a staircase back to the Dungeon here.
An orc wizard comes into view.
It is wielding a +0 dagger. 2 orcs and 2 orc warriors come into view.
Aim: an ettin, wielding a +0 dire flail and a +0 great mace (grey smoke, moderately wounded, fire blocked by a granite statue, empty space bonus: 7/8)
You feel a surge of power!
The air twists around and strikes the ettin!!
The orc warrior shouts!
You hear a shout!
An orc comes into view. It is wielding a +0 flail.
The ettin closely misses you.
The ettin hits you with a +0 great mace!!
The orc shouts!
There is a staircase back to the Dungeon, spattered with blood here.
You hear a shout! x4
The orc throws a boomerang.
The boomerang hits you.
The ettin hits you with a +0 dire flail.
The ettin hits you with a +0 great mace!!
* * * LOW HITPOINT WARNING * * *
You hear a shout!
You climb upwards.
Welcome back to the Dungeon!
There is a staircase to the Orcish Mines here.
Aim: an ettin, wielding a +0 dire flail and a +0 great mace (severely wounded, empty space bonus: 7/8)
You feel a surge of power!
The air twists around and strikes the ettin!!
The ettin hits you with a +0 dire flail!!!
* * * LOW HITPOINT WARNING * * *
The ettin hits you with a +0 great mace!!
You die...

.#####.....#...######............
......................#######....
######....[.............#####....
## #####.###..[................
.# #..##........####....... .#
##................##.... .#
#............######.... .#
#....[)....)### ##... .#######
#....C@...[[.<#### #..# .......#
#.....(.....#....###..# .......#
#...........####......#
.......####...........####.....##
.............#####.....#.......##
.......#####..###..#.......).....
..#.#### ##......#.##........#.
....# ###................#.
...###########..###.<............


You could see an ettin.

Vanquished Creatures
  Snorg (D:11)
  A dire elephant (Lair:5)
  Harold (D:11)
  9 hydras
  2 boulder beetles
  3 catoblepae
  A two-headed ogre (D:12)
  6 death yaks
  Nergalle (Lair:3)
  A sun demon (Lair:6)
  A wizard (Lair:6)
  A lindwurm (Lair:5)
  Pikel (D:9)
  A manticore (D:11)
  3 oklob plants (Lair:3)
  2 ugly things (D:12)
  A cyclops (D:10)
  15 elephants
  7 black mambas
  A torpor snail (Lair:6)
  2 gargoyles (D:12)
  An orange demon (Lair:6)
  6 cane toads
  5 rime drakes
  A hellwing (Lair:6)
  4 ice devils (Lair:6)
  14 komodo dragons
  A red devil (Lair:6)
  3 polar bears (Lair:3)
  A hornet (D:11)
  3 trolls
  11 blink frogs
  A tyrant leech (Lair:4)
  7 slime creatures
  A dream sheep (Lair:6)
  3 wraiths
  A shadow (D:10)
  53 yaks
  4 wyverns
  4 basilisks
  A vampire (D:12)
  A steam dragon (D:7)
  3 vampire mosquitoes (D:12)
  3 wargs (D:9)
  A swamp worm (Lair:4)
  An acid dragon (D:9)
  3 nagas (Lair:4)
  3 hell hounds (Lair:6)
  19 water moccasins
  A hornet zombie (D:7)
  3 black bears
  5 orc warriors
  An ice beast (D:5)
  4 ogres
  12 wolves
  A necrophage (D:6)
  2 centaurs (D:9)
  2 kobold brigands
  3 lemures (D:9)
  7 bullfrogs
  Blork the orc (D:6)
  4 scorpions
  A wyvern zombie (D:6)
  16 killer bees
  2 electric eels
  4 wights
  5 howler monkeys
  4 jellies
  3 centaur zombies
  5 orc priests
  A centaur skeleton (D:6)
  3 gnoll shamans
  4 hounds
  A bullfrog skeleton (D:7)
  3 iguanas
  Terence (D:2)
  4 orc wizards
  A hound zombie (D:5)
  11 gnolls
  A howler monkey skeleton (D:7)
  9 adders
  2 adder zombies
  An adder skeleton (D:4)
  A worm (D:2)
  5 dart slugs
  27 orcs
  4 ball pythons
  A bat zombie (D:3)
  4 endoplasms
  3 giant cockroaches
  10 hobgoblins
  6 jackals (D:1)
  15 kobolds
  A quokka (D:1)
  2 ball python skeletons (Ossuary)
  2 bats
  A frilled lizard (D:1)
  11 goblins
  A hobgoblin skeleton (Ossuary)
  A kobold zombie (Ossuary)
  An orc skeleton (Ossuary)
  2 orc zombies (Ossuary)
  3 rats
449 creatures vanquished.

Vanquished Creatures (others)
  3 bushes (Lair:6)
  47 fungi
  50 plants
100 creatures vanquished.

Grand Total: 549 creatures vanquished

Notes
Turn   | Place    | Note
-------+----------+-------------------------------------------
     0 | D:1      | vurker the Demigod Air Elementalist began the quest for the
                  | Orb.
     0 | D:1      | Reached XP level 1. HP: 14/14 MP: 5/5
    43 | D:1      | Reached skill level 1 in Conjurations
   424 | D:1      | Reached XP level 2. HP: 22/22 MP: 2/7
   590 | D:1      | Reached skill level 3 in Air Magic
  1095 | D:1      | Reached XP level 3. HP: 27/27 MP: 6/9
  1536 | D:2      | Reached skill level 1 in Fighting
  2173 | D:2      | Reached XP level 4. HP: 35/35 MP: 5/10
  2270 | D:2      | Found Amuiwoc's Assorted Antiques.
  2602 | D:2      | Noticed Terence
  2622 | D:2      | Killed Terence
  3501 | D:3      | Found Cafonn's Magic Scroll Shoppe.
  4084 | D:4      | Reached XP level 5. HP: 38/40 MP: 3/12
  4161 | D:4      | Noticed an ogre
  4169 | D:4      | Killed an ogre
  4170 | D:4      | Reached skill level 4 in Air Magic
  4686 | D:4      | Reached XP level 6. HP: 48/48 MP: 11/14
  4691 | D:4      | Learned a level 4 spell: Airstrike
  5074 | D:5      | Entered Level 5 of the Dungeon
  5840 | D:5      | Reached skill level 5 in Air Magic
  5840 | D:5      | Reached XP level 7. HP: 56/56 MP: 9/16
  6422 | D:6      | Noticed a troll
  6425 | D:6      | Killed a troll
  6672 | D:6      | Found the +27 Lear's hauberk
  6695 | D:6      | Found a staircase to the Ecumenical Temple.
  6829 | D:6      | Reached skill level 5 in Spellcasting
  6998 | D:6      | Reached skill level 6 in Air Magic
  7230 | D:6      | Reached XP level 8. HP: 63/63 MP: 10/19
  7355 | D:6      | Noticed Blork the orc
  7357 | D:6      | Killed Blork the orc
  8211 | D:6      | Reached skill level 7 in Air Magic
  8912 | D:7      | Reached XP level 9. HP: 72/72 MP: 11/22
  9498 | D:7      | Reached skill level 5 in Fighting
  9498 | D:7      | Reached skill level 8 in Air Magic
 10294 | D:8      | Found a sand-covered staircase.
 10303 | Ossuary  | Entered an ossuary
 11232 | D:8      | Found a runed translucent gate.
 11233 | D:8      | Noticed senseless's ghost (novice TrBe)
 11233 | D:8      | Found a runed translucent gate.
 11387 | D:7      | Reached skill level 9 in Air Magic
 11656 | D:8      | Found a runed translucent gate.
 11980 | D:8      | Reached XP level 10. HP: 28/83 MP: 13/26
 12927 | D:9      | Identified the +0 scale mail of Existentialism {Will+ Dex-4
                  | SInv}
 12995 | D:9      | Found Rogoizui's Antique Armour Shoppe.
 13192 | D:9      | Found a staircase to the Lair.
 13236 | D:9      | Noticed Pikel
 13729 | D:9      | Killed Pikel
 14018 | D:10     | Entered Level 10 of the Dungeon
 14484 | D:10     | Reached skill level 10 in Air Magic
 14626 | D:10     | Noticed a cyclops
 14629 | D:10     | Killed a cyclops
 15029 | D:10     | Found Jiciale's Distillery.
 15639 | D:11     | Noticed Snorg
 15651 | D:11     | Killed Snorg
 15890 | D:11     | Noticed Harold
 15899 | D:11     | Killed Harold
 15900 | D:11     | Reached XP level 11. HP: 78/92 MP: 0/29
 16901 | D:11     | Reached skill level 11 in Air Magic
 17960 | D:12     | Found a staircase to the Orcish Mines.
 18121 | Lair:1   | Entered Level 1 of the Lair of Beasts
 18183 | Lair:1   | Reached skill level 10 in Spellcasting
 18790 | Lair:1   | Noticed a six-headed hydra
 18823 | Lair:1   | Killed a six-headed hydra
 19174 | Lair:1   | Identified the +5 spear "Cosiaczy" {venom, +Blink Str+5}
 20859 | Lair:2   | Reached skill level 12 in Air Magic
 21499 | Lair:3   | Noticed a six-headed hydra
 21503 | Lair:3   | Killed a six-headed hydra
 21504 | Lair:3   | Reached XP level 12. HP: 102/102 MP: 13/31
 22182 | Lair:3   | Noticed a five-headed hydra
 22185 | Lair:3   | Killed a five-headed hydra
 23235 | Lair:3   | Noticed Nergalle
 23239 | Lair:3   | Killed Nergalle
 23798 | Lair:4   | Reached skill level 13 in Air Magic
 24824 | Lair:4   | Found a staircase to the Snake Pit.
 25074 | Lair:4   | Found a staircase to the Swamp.
 25846 | Lair:5   | Found a staircase to the Slime Pits.
 26152 | Lair:5   | Noticed a four-headed hydra
 26310 | Lair:5   | Killed a four-headed hydra
 26916 | Lair:5   | Reached XP level 13. HP: 111/111 MP: 4/34
 28055 | Lair:5   | Found a staircase to the Slime Pits.
 28306 | Lair:6   | Entered Level 6 of the Lair of Beasts
 29228 | Lair:5   | Reached skill level 14 in Air Magic
 29890 | Lair:6   | HP: 1/112 [cane toad (12)]
 30958 | Lair:6   | Reached skill level 10 in Fighting
 31469 | Lair:6   | Noticed a dire elephant
 31544 | Lair:5   | Killed a dire elephant
 33964 | Lair:6   | Reached XP level 14. HP: 109/122 MP: 10/36
 34120 | Lair:6   | Reached skill level 15 in Air Magic
 34624 | Lair:6   | Found a gateway to Hell.
 34631 | Lair:6   | Identified the +8 dire flail "Uniykh" {drain, MP+9 Int+5}
 35124 | D:12     | Identified a scroll of acquirement
 35125 | D:12     | Acquired the ring "Leocirit" {rPois rF+ Str-3 Dex+2}
 36321 | Orc:1    | Entered Level 1 of the Orcish Mines
 36465 | D:12     | Slain by an ettin

Illustrated notes

Levels and vault maps discovered:
D:1:      amcnicky_arrival_double_pillar, layout_basic,
          hellmonk_ecumenical_altar_prayer_group, minmay_tripent
D:2:      layout_basic, serial_shops, nicolae_shop_overgrown_old_shop,
          minivault_23, uniq_terence
D:3:      layout_loops_ring, lemuel_zombie_altar_kikubaaqudgha,
          kennysheep_orc_sif_temple, serial_shops, shop_scrolls,
          minmay_misc_feat_x
D:4:      layout_basic, nicolae_overflow_hidden_temple, fountainhead,
          st_stairs_14
D:5:      layout_loops_ring, kennysheep_mini_moat,
          chequers_serial_rivers_small_b
D:6:      layout_gridville, minmay_temple_entry_glass,
          hellmonk_guarded_unrand_lears, uniq_blork_the_orc
D:7:      layout_loops_ring, minmay_diced_spiral
D:8:      layout_cave_pools, nicolae_ossuary_entry_ruins,
          biasface_ghost_orc_armoury, glass_columns_b
D:9:      layout_loops_corners, erik_lair_orcish_takeover, serial_shops, shop,
          uniq_pikel
D:10:     layout_gridville, serial_shops, shop
D:11:     layout_basic, minmay_misc_feat_secret_circle, uniq_harold, uniq_snorg
D:12:     layout_rooms, orc_david_3
Lair:1:   layout_gridlike, serial_bayou_ford_a
Lair:2:   layout_regular_city, infiniplex_staircase_pool, grunt_megastairs_4
Lair:3:   minmay_lair_oklob_chamber, layout_cave_shapes, lemuel_fruit_fields,
          uniq_nergalle
Lair:4:   layout_regular_city, minmay_swamp_entry_worms,
          minmay_snake_entry_guardpost_small
Lair:5:   layout_layer_cave, minmay_slime_entry_pillars,
          infiniplex_staircase_pool_2
Lair:6:   evil_forest, layout_concentric_octagons, serial_bayou_shore_b
Orc:1:    layout_caves, basic_altar, serial_shops, shop_statue, shop, shop,
          nicolae_shop_statue_plus, statue_in_the_mist_lemuel, uniq_erica

Skill      XL: |  1  2  3  4  5  6  7  8  9 10 11 12 13 14 |
---------------+-------------------------------------------+-----
Conjurations   | 1 2 3 |  3.0
Spellcasting   | 2 3 4 5 6 8 9 10 12 13 | 13.9
Air Magic      | 3 4 5 6 7 9 10 12 13 14 15 | 15.3
Fighting       | 1 2 3 4 5 7 8 9 10 | 10.7
Dodging        | |  1.7
Stealth        | |  1.7

Action                   |  1- 3 |  4- 6 |  7- 9 | 10-12 | 13-15 || total
-------------------------+-------+-------+-------+-------+-------++-------
Melee: Staff             |       |       |     2 |    14 |     3 ||    19
 Cast: Shock             |    79 |   142 |    45 |    70 |    18 ||   354
       Airstrike         |       |       |   142 |   400 |   367 ||   909
Evoke: Wand              |       |       |       |    10 |    16 ||    26
  Use: Scroll            |       |       |    19 |     8 |     5 ||    32
       Potion            |       |       |       |       |     3 ||     3
 Stab: Paralysed         |       |       |       |       |     2 ||     2
Armor: Robe              |     2 |     1 |    16 |    77 |    47 ||   143
Dodge: Dodged            |    11 |    30 |    36 |   127 |    80 ||   284

Table legend: (Time is in decaauts)
 A = Elapsed time spent in this place.
 B = Non-inter-level travel time spent in this place.
 C = Inter-level travel time spent in this place.
 D = Time resting spent in this place.
 E = Time spent auto-exploring this place.
 F = Levels seen in this place.
 G = Mean time per level.
                   A        B        C        D        E       F      G
               +--------+--------+--------+--------+--------+-----+--------+
         Total |  36546 |  35241 |   1305 |   3913 |  27322 |  20 | 1827.3 |
       Dungeon |  19187 |  18497 |    690 |   1320 |  15275 |  12 | 1598.9 |
          Lair |  16552 |  15938 |    614 |   2593 |  11393 |   6 | 2758.7 |
  Orcish Mines |     29 |     29 |      0 |      0 |      1 |   1 |   29.0 |
       Ossuary |    777 |    777 |      0 |      0 |    653 |   1 |  777.0 |
               +--------+--------+--------+--------+--------+-----+--------+

Top non-repeatable levels by time:
  Lair:6: 4341 daAuts
  Lair:5: 4200 daAuts
    D:11: 2517 daAuts
  Lair:4: 2225 daAuts
  Lair:3: 2144 daAuts
     D:6: 2043 daAuts
     D:7: 2028 daAuts
     D:9: 2003 daAuts
  Lair:1: 1888 daAuts
  Lair:2: 1752 daAuts
     D:2: 1697 daAuts
    D:12: 1578 daAuts
    D:10: 1424 daAuts
     D:1: 1379 daAuts
     D:5: 1303 daAuts
